 Dungeon Crawl Stone Soup version 0.25.0-26-g0c896c7088 (webtiles) character file.

Game seed: 14589606856930340342

41084 simples the Devastator (level 13, 0/86 HPs)
             Began as a Purple Draconian Conjurer on July 1, 2020.
             Was a High Priest of Vehumet.
             Engulfed by a swamp dragon's poison gas (2 damage)
             ... on level 6 of the Lair of Beasts.
             The game lasted 00:52:41 (29068 turns).

simples the Devastator (Purple Draconian Conjurer) Turns: 29068, Time: 00:52:42

Health: 0/86       AC: 16    Str: 10    XL:     13   Next: 78%
Magic:  29/29      EV: 18    Int: 20    God:    Vehumet [*****.]
Gold:   674        SH:  0    Dex: 13    Spells: 11/37 levels left

rFire    . . .     SeeInvis .   M - staff of summoning
rCold    + + .     Gourm    .   (no shield)
rNeg     . . .     Faith    +   (armour unavailable)
rPois    .         Spirit   .   R - +1 hat
rElec    .         Reflect  .   s - +2 cloak {rC+}
rCorr    .         Harm     .   u - +0 pair of gloves
MR       +....                  t - +2 pair of boots {run}
Stlth    ++........             q - amulet of faith
HPRegen  0.24/turn              r - ring of protection from cold
MPRegen  0.21/turn              S - ring of wizardry

@: lethally poisoned (0 -> -41), starving, quick
A: breathe power, unfitting armour, cold-blooded, AC +8
a: Breathe Dispelling Energy, Renounce Religion


You were on level 6 of the Lair of Beasts.
You worshipped Vehumet.
Vehumet was extremely pleased with you.
You were starving.

You visited 3 branches of the dungeon, and saw 16 of its levels.
You also visited: Sewer and Ice Cave.

You collected 1124 gold pieces.
You spent 450 gold pieces at shops.

Inventory:

Hand Weapons
 w - a +2 dagger of electrocution
Armour
 s - a +2 cloak of cold resistance (worn)
 t - a +2 pair of boots of running (worn)
 u - a +0 pair of gloves (worn)
 N - a scarf of repulsion
 Q - a +0 kite shield
 R - a +1 hat (worn)
Magical Staves
 M - an uncursed staff of summoning (weapon)
Jewellery
 l - an uncursed ring of positive energy
 q - an amulet of faith (around neck)
 r - a ring of protection from cold (left hand)
 S - a ring of wizardry (right hand)
Wands
 C - a wand of iceblast (28)
 E - a wand of polymorph (20)
 G - a wand of clouds (5)
 K - a wand of flame (41)
 L - a wand of random effects (22)
Scrolls
 e - 8 scrolls of enchant armour
 f - 11 scrolls of teleportation
 h - 3 scrolls of amnesia
 n - 7 scrolls of remove curse
 v - 2 scrolls of fog
 x - 6 scrolls of random uselessness
 y - a scroll of noise
 z - 2 scrolls of enchant weapon
 A - 3 scrolls of immolation
 B - a scroll of holy word
 D - a scroll of torment {unknown}
 H - 3 scrolls of magic mapping {unknown}
Potions
 a - 3 potions of heal wounds {unknown}
 c - 2 potions of might {unknown}
 d - 4 potions of flight
 j - 3 potions of degeneration {unknown}
 k - a potion of invisibility {unknown}
 m - 7 potions of mutation
 o - 3 potions of haste {unknown}
 F - 3 potions of stabbing {unknown}
 I - 3 potions of magic
 J - a potion of ambrosia {unknown}
Miscellaneous
 p - a phantom mirror
Comestibles
 b - 12 rations


   Skills:
 + Level 10.7 Dodging
 - Level 1.7 Stealth
 + Level 12.5 Spellcasting
 * Level 15.8 Conjurations
 + Level 8.0 Summonings


You had 11 spell levels left.
You knew the following spells:

 Your Spells              Type           Power        Failure   Level  Hunger
a - Magic Dart            Conj           ####         0%          1    None
b - Searing Ray           Conj           ######       0%          2    None
c - Iskenderun's Battles  Conj/Chrm      #####...     1%          5    ####...
d - Orb of Destruction    Conj           ######....   1%          7    #######
e - Spellforged Servitor  Conj/Summ      ######....   4%          7    #######
f - Summon Lightning Spi  Summ/Air       #####...     4%          4    None

Your spell library contained the following spells:

 Spells                   Type           Power        Failure   Level  Hunger
 Starburst                Conj/Fire      #####.....   4%          6    #####..
 Foxfire                  Conj/Fire      ####         1%          1    None
 Summon Small Mammal      Summ           ####         1%          1    None
 Call Imp                 Summ           ######..     1%          2    None
 Call Canine Familiar     Summ           ######..     1%          3    None
 Conjure Flame            Conj/Fire      #####...     1%          3    None
 Dazzling Flash           Conj/Hex       #####.       1%          3    None
 Inner Flame              Hex/Fire       ##......     1%          3    None
 Summon Guardian Golem    Hex/Summ       #####...     1%          3    None
 Fulminant Prism          Conj/Hex       #####.....   1%          4    None
 Iskenderun's Mystic Bla  Conj/Tloc      #####...     1%          4    None
 Sticky Flame             Conj/Fire      #####...     1%          4    None
 Fireball                 Conj/Fire      #####.....   1%          5    ####...
 Animate Skeleton         Necr           N/A          2%          1    None
 Pain                     Necr           ##..         2%          1    None
 Bolt of Magma            Conj/Fire/Erth ####......   2%          5    ####...
 Ensorcelled Hibernation  Hex/Ice        ##....       3%          2    None
 Summon Ice Beast         Ice/Summ       #####...     4%          4    None
 Iron Shot                Conj/Erth      #####.....   4%          6    #####..
 Confusing Touch          Hex            ##......     6%          3    None
 Gell's Gravitas          Tloc           ##........   6%          3    None
 Vampiric Draining        Necr           ##........   6%          3    None
 Shadow Creatures         Summ           N/A          12%         6    #####..
 Yara's Violent Unravell  Hex/Tmut       ##........   16%         5    ####...
 Animate Dead             Necr           N/A          21%         4    None
 Petrify                  Tmut/Erth      ##......     21%         4    None
 Agony                    Necr           ##......     50%         5    ####...
 Borgnjor's Vile Clutch   Necr/Erth      ##........   50%         5    ####...
 Metabolic Englaciation   Hex/Ice        ##........   50%         5    ####...
 Silence                  Hex/Air        ##........   50%         5    ####...
 Darkness                 Hex            ##........   96%         6    #####..


Dungeon Overview and Level Annotations

Branches:
Dungeon (9/15)             Temple (1/1) D:6            Lair (6/6) D:8
 Shoals (0/4) Lair:4        Snake (0/4) Lair:3        Slime (0/5) Lair:6
  Sewer (visited)           IceCv (visited)
    Orc: D:9-12

Altars:
Ashenzari
Cheibriados
Dithmenos
Elyvilon
Fedhas
Gozag
Hepliaklqana
Kikubaaqudgha
Makhleb
Nemelex Xobeh
Okawaru
Qazlal
Ru
Sif Muna
Trog
Uskayaw
Vehumet
Wu Jian
Xom
Yredelemnul
Zin
The Shining One
Jiyva

Shops:
D:4 (   D:5 :   D:7 *

Annotations:
D:8 exclusion: downstairs
Lair:4 exclusion: downstairs
Lair:5 exclusion: downstairs


Innate Abilities, Weirdness & Mutations

You can breathe bolts of dispelling energy.
Your rich purple scales are hard. (AC +8)
You cannot fit into any form of body armour.
You are cold-blooded and may be slowed by cold attacks.


Message History

You are poisoned.
* * * LOW HITPOINT WARNING * * *
x2 You feel sick.
You feel better.
You are engulfed in poison gas.
You are poisoned.
* * * LOW HITPOINT WARNING * * *
x2 You feel sick.
Okay, then.
As you read the scroll of fear, it crumbles to dust.
You assume a fearsome visage.
Your spellforged servitor is unaffected.
The swamp dragon looks frightened!
You are engulfed in poison gas.
You are lethally poisoned!
* * * LOW HITPOINT WARNING * * *
x2 You feel sick.
Your spellforged servitor disappears in a puff of smoke!
It was a potion of magic.
Magic courses through your body.
You are engulfed in poison gas.
You are more poisoned.
You die...

♣♣≈≈P...♣ #.
.≈≈≈≈.[.
♣≈..♣.♣♣ #.
♣♣♣.≈≈..$
♣♣≈≈..♣♣ #.
♣.D≈≈≈.$?
♣♣≈≈♣..♣ #.
(°≈≈≈≈.
♣♣≈....♣♣ #.
♣°≈≈.§♣♣.≈P..♣♣
#.
♣.°.°♣♣....♣♣♣
## ♣P°≈≈≈≈≈.♣♣
#. ♣.○@§≈..♣ #.
♣♣.P°.♣♣♣ ##
♣♣♣♣♣♣ #


You could see a swamp dragon (fleeing).

Vanquished Creatures
  A reaper (IceCv)
  A fire dragon (Lair:6)
  3 hydras
  7 death yaks
  Urug (Lair:2)
  Pikel (D:9)
  An oklob plant (Lair:4)
  4 black mambas
  8 elephants (Lair:5)
  A gargoyle (D:8)
  Maggie (Lair:1)
  A torpor snail (Lair:4)
  6 spiny frogs
  3 rime drakes
  6 komodo dragons
  11 ice devils (IceCv)
  A polar bear (Lair:6)
  14 blink frogs
  8 hippogriffs
  Sigmund (D:2)
  3 wyverns (Lair:4)
  25 yaks
  A steam dragon (Lair:2)
  2 basilisks
  Edmund (D:6)
  4 nagas (Lair:3)
  11 water moccasins
  2 nameless horrors
  12 porcupines
  A sky beast (D:6)
  4 black bears (D:8)
  A swamp drake (Lair:6)
  5 phantoms
  3 ice beasts
  2 slaves (D:9)
  A necrophage (D:9)
  5 centaurs
  An ogre (D:4)
  7 crocodiles
  2 big kobolds
  Blork the orc (D:4)
  15 bullfrogs
  3 scorpions
  2 howler monkeys (D:9)
  18 wights
  2 crimson imps
  An electric eel (Lair:2)
  3 bullfrog zombies
  2 hounds (D:9)
  4 jellies
  5 orc priests
  3 orc wizards
  A centaur skeleton (D:8)
  A bullfrog skeleton (D:6)
  A gnoll shaman (D:9)
  5 iguanas
  6 worker ants
  A killer bee zombie (D:7)
  A worker ant zombie (D:6)
  15 gnolls
  2 howler monkey skeletons
  9 adders
  A shadow imp (D:8)
  5 white imps (IceCv)
  6 ufetubi (IceCv)
  4 oozes
  An adder zombie (D:6)
  3 adder skeletons
  8 worms
  2 dart slugs (D:1)
  6 leopard geckos
  24 orcs
  8 bats
  6 giant cockroaches
  7 goblins
  10 hobgoblins
  3 jackals
  15 kobolds
  4 quokkas
  3 ball pythons
  6 frilled lizards
  A quokka skeleton (D:5)
  7 rats
  A fungus (D:8)
  2 plants
407 creatures vanquished.

Vanquished Creatures (collateral kills)
  A hydra (Lair:4)
  5 death yaks
  An oklob plant (Lair:4)
  An elephant (Lair:5)
  3 komodo dragons
  2 blink frogs (Lair:5)
  13 yaks (Lair:6)
  A basilisk (Lair:6)
  2 water moccasins
  2 swamp drakes (Lair:6)
  A fungus (Lair:6)
32 creatures vanquished.

Vanquished Creatures (others)
  A crimson imp (D:9)
  2 white imps (IceCv)
  7 ufetubi (IceCv)
  60 fungi
  27 plants
97 creatures vanquished.

Grand Total: 536 creatures vanquished

Notes
Turn   | Place    | Note
-------+----------+-------------------------------------------
     0 | D:1      | simples the Draconian Conjurer began the quest for the Orb.
     0 | D:1      | Reached XP level 1. HP: 14/14 MP: 3/3
   459 | D:1      | Reached XP level 2. HP: 20/20 MP: 0/5
   861 | D:1      | Learned a level 2 spell: Searing Ray
  1626 | D:2      | Found a faded altar of an unknown god.
  1877 | D:2      | Noticed Sigmund
  1959 | D:2      | Reached XP level 3. HP: 26/26 MP: 3/6
  2529 | D:2      | Reached XP level 4. HP: 33/33 MP: 3/7
  2827 | D:2      | Killed Sigmund
  2827 | D:2      | Reached skill level 5 in Conjurations
  2827 | D:2      | Reached XP level 5. HP: 21/38 MP: 1/9
  3315 | D:3      | Found a sparkling altar of Nemelex Xobeh.
  3487 | D:3      | Reached XP level 6. HP: 35/45 MP: 2/11
  3533 | D:3      | Found a glowing drain.
  3546 | Sewer    | Entered a sewer
  3992 | Sewer    | Reached skill level 6 in Conjurations
  5232 | D:3      | Found a blossoming altar of Fedhas.
  5233 | D:3      | Found a sacrificial altar of Ru.
  6156 | D:4      | Your scales start taking on a rich purple colour.
  6156 | D:4      | Reached XP level 7. HP: 50/50 MP: 10/13
  6217 | D:4      | Found Nydusy Futup's Weapon Shoppe.
  7016 | D:4      | Noticed Blork the orc
  7020 | D:4      | Killed Blork the orc
  7020 | D:4      | Reached skill level 7 in Conjurations
  7131 | D:4      | Found a stormy altar of Qazlal.
  7173 | D:5      | Entered Level 5 of the Dungeon
  7178 | D:5      | Reached skill level 5 in Spellcasting
  7768 | D:5      | Reached XP level 8. HP: 57/57 MP: 7/16
  8131 | D:5      | Found Oheagih's Book Shop.
  8523 | D:6      | Reached skill level 8 in Conjurations
  8746 | D:6      | Found a staircase to the Ecumenical Temple.
  8774 | Temple   | Entered the Ecumenical Temple
  8989 | Temple   | Became a worshipper of Vehumet
  9153 | D:6      | Noticed Edmund
  9164 | D:6      | Killed Edmund
  9164 | D:6      | Reached skill level 5 in Dodging
  9304 | D:6      | Found a hazy altar of Hepliaklqana.
  9531 | D:6      | Reached skill level 9 in Conjurations
  9775 | D:6      | Found a shimmering altar of Xom.
 10329 | D:7      | Reached XP level 9. HP: 44/62 MP: 12/19
 10461 | D:7      | Found Qanaf's Assorted Antiques.
 10769 | D:7      | Reached * piety under Vehumet
 10769 | D:7      | Offered knowledge of Sandblast by Vehumet.
 11362 | D:8      | Reached skill level 10 in Conjurations
 11400 | D:8      | Found a basalt altar of Yredelemnul.
 11500 | D:8      | Found a bloodstained altar of Trog.
 11500 | D:8      | Found a glowing golden altar of the Shining One.
 11543 | D:8      | Noticed a gargoyle
 11558 | D:8      | HP: 2/62 [gargoyle/stone arrow (18)]
 11562 | D:8      | Killed a gargoyle
 11816 | D:8      | Found a hide-covered altar of Uskayaw.
 11907 | D:8      | Found a staircase to the Lair.
 12008 | D:8      | Reached XP level 10. HP: 69/69 MP: 8/22
 12203 | D:8      | Reached skill level 11 in Conjurations
 12244 | D:8      | Reached ** piety under Vehumet
 12246 | D:8      | Offered knowledge of Freeze by Vehumet.
 12361 | D:8      | Found a snail-covered altar of Cheibriados.
 12754 | D:8      | Found an ornate altar of the Wu Jian Council.
 13315 | D:9      | Offered knowledge of Frozen Ramparts by Vehumet.
 13530 | D:9      | Reached *** piety under Vehumet
 13706 | D:9      | Offered knowledge of Olgreb's Toxic Radiance by Vehumet.
 13729 | D:9      | Noticed Pikel
 13748 | D:9      | Killed Pikel
 13748 | D:9      | Reached skill level 12 in Conjurations
 14352 | D:5      | Bought a book of Power for 450 gold pieces
 14358 | D:5      | Learned a level 5 spell: Iskenderun's Battlesphere
 14366 | D:5      | Learned a level 7 spell: Orb of Destruction
 14374 | D:5      | Learned a level 7 spell: Spellforged Servitor
 14489 | Lair:1   | Entered Level 1 of the Lair of Beasts
 14787 | Lair:1   | Reached skill level 1 in Summonings
 15036 | Lair:1   | Noticed a spiny frog
 15042 | Lair:1   | Killed a spiny frog
 15042 | Lair:1   | Reached XP level 11. HP: 74/74 MP: 16/24
 15470 | Lair:1   | Noticed Maggie
 15478 | Lair:1   | Killed Maggie
 16157 | Lair:2   | Reached **** piety under Vehumet
 16168 | Lair:2   | Reached skill level 10 in Spellcasting
 16394 | Lair:2   | Found a shimmering blue altar of Sif Muna.
 16458 | Lair:2   | Noticed Urug
 16472 | Lair:2   | Learned a level 4 spell: Summon Lightning Spire
 17179 | Lair:2   | Killed Urug
 17311 | Lair:3   | Noticed a five-headed hydra
 17319 | Lair:3   | Killed a five-headed hydra
 17319 | Lair:3   | Reached skill level 13 in Conjurations
 17335 | Lair:3   | Found a staircase to the Snake Pit.
 17346 | Lair:3   | Offered knowledge of Ignite Poison by Vehumet.
 17876 | Lair:3   | Noticed a four-headed hydra
 17888 | Lair:3   | Killed a four-headed hydra
 17901 | Lair:3   | Found a frozen archway.
 17912 | IceCv    | Entered an ice cave
 19456 | IceCv    | Identified a +1 pair of boots of running (You found it in
                  | an ice cave)
 19919 | IceCv    | Noticed a reaper
 19940 | IceCv    | Killed a reaper
 19940 | IceCv    | Reached XP level 12. HP: 44/81 MP: 12/26
 20920 | Lair:4   | Reached skill level 5 in Summonings
 21164 | Lair:4   | Reached skill level 14 in Conjurations
 22212 | Lair:4   | Found a staircase to the Shoals.
 22761 | Lair:4   | Noticed a five-headed hydra
 22765 | Lair:4   | Noticed a six-headed hydra
 22771 | Lair:4   | Killed a five-headed hydra
 22774 | Lair:4   | Killed a six-headed hydra
 22774 | Lair:4   | Reached ***** piety under Vehumet
 22774 | Lair:4   | Offered knowledge of Starburst by Vehumet.
 23973 | Lair:5   | Reached skill level 10 in Dodging
 24057 | Lair:5   | Noticed a death yak
 24057 | Lair:5   | Noticed a death yak
 24065 | Lair:5   | Killed a death yak
 24065 | Lair:5   | Reached XP level 13. HP: 86/86 MP: 15/28
 24670 | Lair:5   | Reached skill level 15 in Conjurations
 25945 | Lair:6   | Entered Level 6 of the Lair of Beasts
 25981 | Lair:6   | Found a staircase to the Slime Pits.
 25981 | Lair:6   | Found a viscous altar of Jiyva.
 27749 | Lair:6   | HP: 2/86 [death yak (17)]
 29033 | Lair:6   | Noticed a fire dragon
 29052 | Lair:6   | Killed a fire dragon
 29064 | Lair:6   | HP: 4/86 [swamp dragon] (5)]
 29068 | Lair:6   | Engulfed by a swamp dragon's poison gas

Illustrated notes

Levels and vault maps discovered:
D:1:      eino_arrival_druids_welcome, layout_basic, serial_bayou_lake_a
D:2:      layout_basic, first_ration, chequers_ecumenical_altar_simple_redux,
          minmay_unequal, uniq_sigmund
D:3:      layout_loops_ring, nemelex_xobeh_ov_fountains_minmay,
          gammafunk_temple_overflow_pools, cheibrodos_sewer_entry_bend
D:4:      layout_gridville, lemuel_crystal_altar, serial_shops, shop,
          minmay_goblin_outpost, uniq_blork_the_orc
D:5:      layout_basic, serial_shops, kennysheep_mini_moat
D:6:      layout_loops_ring, kennysheep_mini, lemuel_doored_altar,
          minmay_temple_entry_tees, uniq_edmund
D:7:      layout_basic, serial_shops, shop
D:8:      layout_loops_corners, lemuel_round_altar,
          chequers_temple_overflow_statue_of_worship,
          nicolae_overflow_crystal_walls, slow_altar_1,
          due_lair_maze_entry_diamond
D:9:      layout_long_grid, uniq_pikel
Temple:   jpeg_temple_alley_garden
Lair:1:   layout_regular_city, guppyfry_lair_drakes, uniq_maggie
Lair:2:   layout_gridlike, basic_altar, minivault_23, uniq_urug
Lair:3:   layout_chaotic_city, guppyfry_snake_entry_island,
          portal_ice_cave_entry_pillars_2
Lair:4:   layout_cave_pods, minmay_shoals_entry_centaurs, beast_lair_carwin_5,
          minmay_lair_oklob_chamber
Lair:5:   layout_cave_pods, chequers_serial_rivers_small_b,
          nicolae_lair_grove_arrangements, grunt_megastairs_3
Lair:6:   guppyfry_lair_end_dragon, layout_layer_cave, hangedman_lair_in_review,
          slime_altar_1, serial_bayou, serial_bayou_pond_a, serial_bayou_pond_e,
          serial_bayou_pond_c, serial_bayou_pond_d

Skill      XL: |  1  2  3  4  5  6  7  8  9 10 11 12 13 |
---------------+----------------------------------------+-----
Dodging        | 2 3 4 5 6 8 9 10 | 10.7
Spellcasting   | 3 4 5 6 8 9 10 11 12 | 12.5
Conjurations   | 5 6 7 9 10 12 13 14 15 | 15.8
Summonings     | 1 4 6 8 |  8.0
Stealth        | |  1.7

Action                   |  1- 3 |  4- 6 |  7- 9 | 10-12 | 13-15 || total
-------------------------+-------+-------+-------+-------+-------++-------
Melee: Unarmed           |     5 |    10 |       |       |       ||    15
       Tailslap          |       |     3 |       |     3 |     1 ||     7
       Dagger            |       |       |    15 |    18 |       ||    33
       Staff             |       |       |       |       |     2 ||     2
 Cast: Magic Dart        |    25 |    30 |     1 |     9 |     7 ||    72
       Searing Ray       |    12 |    35 |    90 |   207 |    80 ||   424
       Iskenderun's Batt |       |       |       |    68 |    15 ||    83
       Summon Lightning  |       |       |       |    17 |    24 ||    41
       Spellforged Servi |       |       |       |       |     6 ||     6
       Orb of Destructio |       |       |       |       |     4 ||     4
 Abil: Breathe Dispellin |       |       |     1 |       |       ||     1
Evoke: Wand              |       |       |       |     1 |       ||     1
  Use: Scroll            |     2 |     3 |     3 |     9 |     6 ||    23
       Potion            |     1 |     2 |     3 |     5 |     4 ||    15
  Eat: Chunk             |     6 |     9 |    12 |    27 |    10 ||    64
       Ration            |       |     1 |     2 |     7 |     3 ||    13
Armor: Skin              |    20 |    21 |    36 |    99 |    54 ||   230
Dodge: Dodged            |    25 |    51 |    73 |   265 |   132 ||   546
